 Dungeon Crawl Stone Soup version 0.29-a0-322-g68df515428 (webtiles) character file.

Game seed: 17281743887700074763

2290 HotDog the Basher (level 9, -4/54 HPs)
             Began as a Gargoyle Fighter on Apr 7, 2022.
             Was a Believer of the Shining One.
             Slain by a boulder beetle (31 damage)
             ... on level 8 of the Dungeon.
             The game lasted 00:09:05 (8641 turns).

HotDog the Basher (Gargoyle Fighter)                Turns: 8641, Time: 00:09:06

Health: -4/54      AC: 24    Str: 23    XL:     9   Next: 40%
Magic:  0/12       EV: 12    Int: 10    God:    the Shining One [**....]
Gold:   578        SH:  5    Dex:  9    Spells: 8/8 levels left

rFire   . . .      SeeInvis .   i - +3 flail (protect)
rCold   . . .      Faith    .   c - +0 buckler
rNeg    + + .      Spirit   +   y - +1 chain mail {Will+}
rPois   ∞          Reflect  .   h - +2 helmet
rElec   +          Harm     .   (no cloak)
rCorr   +          Rampage  .   n - +0 pair of gloves
Will    +....                   p - +1 pair of boots
Stlth   ..........              m - amulet of guardian spirit
HPRegen 0.18/turn               f - ring of resist corrosion
MPRegen 0.13/turn               v - +4 ring of evasion

@: glowing
A: sickness immunity, AC +6, negative energy resistance 1, electricity
resistance, torment resistance 1, petrification resistance
a: Renounce Religion, Divine Shield


You were on level 8 of the Dungeon.
You worshipped the Shining One.
The Shining One was pleased with you.
You visited 2 branches of the dungeon, and saw 9 of its levels.

You collected 578 gold pieces.

Inventory:

Hand Weapons
 i - a +3 flail of protection (weapon)
 x - a +1 vorpal flail
Armour
 c - a +0 buckler (worn)
 h - a +2 helmet (worn)
 n - a +0 pair of gloves (worn)
 p - a +1 pair of boots (worn)
 y - a +1 chain mail of willpower (worn)
Jewellery
 b - a +6 ring of dexterity
 f - a ring of resist corrosion (left hand)
 m - an amulet of guardian spirit (around neck)
 v - a +4 ring of evasion (right hand)
Wands
 r - a wand of iceblast (11)
Scrolls
 a - a scroll of silence {unknown}
 g - a scroll of fear
 j - 3 scrolls of immolation
 k - a scroll of noise {unknown}
 l - 2 scrolls of fog
 q - 2 scrolls of teleportation
 w - a scroll of summoning {unknown}
Potions
 d - a potion of might
 e - 2 potions of haste
 o - 6 potions of curing
 s - 2 potions of mutation
 t - a potion of lignification {unknown}
 u - a potion of heal wounds {unknown}


   Skills:
 * Level 5.5 Fighting
 * Level 8.1 Maces & Flails
 * Level 6.5 Armour
 * Level 3.0 Dodging
 * Level 5.4 Shields
 * Level 4.0 Invocations


You had 8 spell levels left.
You didn't know any spells.
Your spell library contained the following spells:

 Spells                   Type           Power      Damage    Failure   Level
 Animate Armour           Summ/Erth      0%         N/A       100%        4
 Blade Hands              Tmut           0%         N/A       100%        5
 Iron Shot                Conj/Erth      0%         9d1       100%        6


Dungeon Overview and Level Annotations

Branches:
Dungeon (8/15)             Temple (1/1) D:5
   Lair: D:8-11

Altars:
Cheibriados
Dithmenos
Hepliaklqana
Makhleb
Nemelex Xobeh
Okawaru
Qazlal
Ru
Sif Muna
Trog
Uskayaw
Vehumet
Yredelemnul
Zin
The Shining One


Innate Abilities, Weirdness & Mutations

You are immune to sickness and miasma.
Your stone body is resilient. (AC +6)
You are immune to poison.
You resist negative energy. (rN+)
You are resistant to electric shocks. (rElec)
You are resistant to unholy torment.
You are immune to petrification.


Message History

The boulder beetle closely misses you.
You hit the boulder beetle but do no damage.
The boulder beetle is heavily wounded.
You block the boulder beetle's attack.
The boulder beetle completely misses you.
You hit the boulder beetle but do no damage.
The boulder beetle is heavily wounded.
The boulder beetle bites you.
You hit the boulder beetle but do no damage.
The boulder beetle is heavily wounded.
The boulder beetle barely misses you.
You hit the boulder beetle but do no damage.
The boulder beetle is heavily wounded.
You block the boulder beetle's attack.
You hit the boulder beetle.
The boulder beetle is heavily wounded.
The boulder beetle leaps!
The boulder beetle curls into a ball and begins rolling!
The boulder beetle hits you!!
The boulder beetle stops rolling and uncurls.
You hit the boulder beetle but do no damage.
Your weapon exudes an aura of protection.
The boulder beetle is heavily wounded.
The boulder beetle closely misses you.
You hit the boulder beetle but do no damage.
The boulder beetle is heavily wounded.
The boulder beetle bites you.
You hit the boulder beetle but do no damage.
The boulder beetle is heavily wounded.
The boulder beetle bites you but does no damage.
You hit the boulder beetle but do no damage.
The boulder beetle is heavily wounded.
The boulder beetle bites you but does no damage.
You hit the boulder beetle but do no damage.
The boulder beetle is heavily wounded.
The boulder beetle leaps!
The boulder beetle curls into a ball and begins rolling!
The boulder beetle hits you!!!
Ouch! That really hurt!
You die...

##.###...###........#..>...#
#.........#......#..#.(..#.#
#..###.#)........#<#######.#
#......#.................#.#
#...#..#°..#####.#.#####.#.#
.... #....○.........#####.#.#
........#○#######...##....#.#
#########°#########.##.####.#
#.○B@...............#
##########.###.###### #.....#
#######


You could see a boulder beetle (rolling).

Vanquished Creatures
  Edmund (D:5)
  An orc warrior (D:6)
  2 black bears
  A sky beast (D:7)
  An ogre (D:4)
  3 phantoms
  A kobold brigand (D:6)
  Blork the orc (D:5)
  A bullfrog (D:7)
  2 necrophages (D:6)
  A scorpion (D:5)
  8 wights (D:7)
  A howler monkey (D:6)
  5 hounds
  3 jellies
  2 orc priests
  4 iguanas
  3 orc wizards
  6 adders
  2 white imps
  3 worms
  2 dart slugs
  21 orcs
  6 bats
  8 endoplasms
  6 giant cockroaches
  4 hobgoblins
  7 jackals
  2 quokkas
  6 ball pythons
  4 frilled lizards
  5 goblins
  13 kobolds
  8 rats
144 creatures vanquished.

Vanquished Creatures (others)
  9 plants (D:5)
  4 withered plants (D:6)
13 creatures vanquished.

Grand Total: 157 creatures vanquished

Notes
Turn   | Place    | Note
-------+----------+-------------------------------------------
     0 | D:1      | HotDog the Gargoyle Fighter began the quest for the Orb.
     0 | D:1      | Reached XP level 1. HP: 14/14 MP: 1/1
   364 | D:1      | Reached XP level 2. HP: 19/19 MP: 2/2
   454 | D:1      | Found a sacrificial altar of Ru.
   853 | D:1      | You fall into a shaft and drop 1 floor!
  1266 | D:2      | Reached XP level 3. HP: 14/23 MP: 3/3
  2106 | D:2      | Reached XP level 4. HP: 28/28 MP: 4/4
  2668 | D:4      | Noticed an ogre
  2751 | D:3      | Found a hide-covered altar of Uskayaw.
  3086 | D:4      | Reached skill level 3 in Maces & Flails
  3086 | D:4      | Reached skill level 1 in Invocations
  3089 | D:4      | Killed an ogre
  3090 | D:4      | Reached skill level 1 in Dodging
  3090 | D:4      | Reached XP level 5. HP: 21/33 MP: 2/5
  3566 | D:4      | Reached skill level 4 in Maces & Flails
  3566 | D:4      | Reached XP level 6. HP: 36/38 MP: 5/7
  4171 | D:5      | Entered Level 5 of the Dungeon
  4171 | D:5      | Found a stormy altar of Qazlal.
  4903 | D:5      | Noticed Blork the orc
  4919 | D:5      | Killed Blork the orc
  4920 | D:5      | Reached XP level 7. HP: 29/43 MP: 5/8
  5297 | D:5      | Found a staircase to the Ecumenical Temple.
  5318 | Temple   | Entered the Ecumenical Temple
  5346 | Temple   | Became a worshipper of the Shining One
  5434 | D:5      | Found a shimmering blue altar of Sif Muna.
  5471 | D:5      | Noticed Edmund
  5490 | D:5      | Killed Edmund
  5933 | D:5      | Reached skill level 5 in Maces & Flails
  5933 | D:5      | Reached skill level 5 in Armour
  6332 | D:5      | Found a radiant altar of Vehumet.
  6563 | D:6      | Reached XP level 8. HP: 47/48 MP: 9/9
  6714 | D:6      | Found a shadowy altar of Dithmenos.
  6978 | D:6      | Found a bloodstained altar of Trog.
  6996 | D:5      | Reached skill level 6 in Maces & Flails
  7318 | D:6      | Reached skill level 5 in Fighting
  7318 | D:6      | Reached skill level 5 in Shields
  7455 | D:6      | Reached * piety under the Shining One
  7521 | D:6      | Found a snail-covered altar of Cheibriados.
  7540 | D:6      | Reached skill level 7 in Maces & Flails
  7715 | D:6      | Found a basalt altar of Yredelemnul.
  7889 | D:7      | Reached XP level 9. HP: 54/54 MP: 11/11
  8142 | D:7      | Reached ** piety under the Shining One
  8149 | D:7      | Reached skill level 8 in Maces & Flails
  8605 | D:8      | Noticed a boulder beetle
  8641 | D:8      | Slain by a boulder beetle

Illustrated notes

Levels and vault maps discovered:
D:1:      saegor_arrival_under_anarchy, layout_loops_ring, st_stairs_9,
          serial_bayou_pond_c, minmay_hexomino_r4
D:2:      layout_loops_ring
D:3:      layout_basic, mainiacjoe_overflow_paths
D:4:      layout_loops_ring, minmay_door_square
D:5:      wad_lake_hut, layout_cave_pools, general_overflow_altar,
          lemuel_blue_sif_altar, marbit_many_paths,
          minmay_temple_entry_overgrown, chequers_serial_rivers_small_a,
          uniq_edmund, uniq_blork_the_orc
D:6:      layout_loops_ring, trog_ov_bears_minmay, yredelemnul_altar_generic,
          grunt_dithmenos_smoke, mainiacjoe_overflow_tiny_flanked,
          eino_curves_02, minmay_strange_pillars
D:7:      layout_gridville
D:8:      kb_forest_paths, layout_basic, hangedman_abyss_or_decor_clamps,
          uniq_maggie
Temple:   compressed_dpeg_circular_temple

Skill      XL: |  1  2  3  4  5  6  7  8  9 |
---------------+----------------------------+-----
Maces & Flails | 3 4 5 7 8 |  8.1
Invocations    | 1 2 3 4 |  4.0
Fighting       | 4 5 |  5.5
Armour         | 4 5 6 |  6.5
Dodging        | 1 2 3 |  3.0
Shields        | 4 5 |  5.4

Action                   |  1- 3 |  4- 6 |  7- 9 || total
-------------------------+-------+-------+-------++-------
Melee: Flail             |   140 |   197 |   285 ||   622
  Use: Scroll            |       |     6 |     5 ||    11
       Potion            |       |     1 |     1 ||     2
Armor: Scale mail        |    93 |   146 |    10 ||   249
       Chain mail        |       |       |   163 ||   163
Dodge: Dodged            |    90 |   105 |   177 ||   372
Block: Buckler           |    38 |    52 |    85 ||   175

Table legend: (Time is in decaauts)
 A = Elapsed time spent in this place.
 B = Non-inter-level travel time spent in this place.
 C = Inter-level travel time spent in this place.
 D = Time resting spent in this place.
 E = Time spent auto-exploring this place.
 F = Levels seen in this place.
 G = Mean time per level.
                   A        B        C        D        E       F      G
               +--------+--------+--------+--------+--------+-----+--------+
         Total |   8815 |   8659 |    156 |   2573 |   4377 |   9 |  979.4 |
       Dungeon |   8767 |   8611 |    156 |   2573 |   4362 |   8 | 1095.9 |
        Temple |     47 |     47 |      0 |      0 |     15 |   1 |   47.0 |
               +--------+--------+--------+--------+--------+-----+--------+

Top non-repeatable levels by time:
     D:5: 2530 daAuts
     D:4: 1440 daAuts
     D:1: 1289 daAuts
     D:2: 1232 daAuts
     D:6: 920 daAuts
     D:7: 692 daAuts
     D:3: 578 daAuts
     D:8: 83 daAuts
  Temple: 47 daAuts
